AoeStats
← iAlejandrouae

Arena

509400510Analyzed
4v4 RM · 5d ago on Sep 26, 2026· 36m 51s· 8 players
Game mode
Random Map
Map size
Large (8 player)
Population
200
Speed
Normal
Resources
Standard
Victory
Conquest
Starting age
Dark Age
Ending age
Imperial Age
RankedLock teamsTeams togetherTeam positionsShared explorationLock speedFull tech treeHidden civsTurbo modeCheats
Victory
Defeat
🇹🇷 Byzantines · Türkiye
1786
+9
🇹🇷 Saxons · Türkiye
1619
+16
🇹🇷 Danes · Türkiye
1540
+19
🇹🇷 Burgundians · Türkiye
1526
+19
🇦🇷 Celts · Argentina
1681
-19
🇪🇸 Mongols · Spain
1663
-18
🇦🇷 Persians · Argentina
1555
-13
🇯🇵 Lithuanians · Japan
1551
-13
YuYa_AoE
3:32 Loom
7:33 Loom
9:47 Feudal Age
14:41 Castle Age
19:21 Double-Bit Axe
20:01 Horse Collar
22:01 Bow Saw
23:14 Scale Mail Armor
25:49 Heavy Plow
27:23 Chain Mail Armor
29:05 Wheelbarrow
30:02 Forging
30:38 Hand Cart
30:08 Town Watch
33:21 Fletching
39:22 Imperial Age
PolishedPoo
10:08 Feudal Age
11:30 Double-Bit Axe
14:03 Castle Age
13:06 Horse Collar
18:57 Bow Saw
21:45 Wheelbarrow
23:00 Hand Cart
22:53 Heavy Plow
23:30 Gold Mining
27:36 Imperial Age
25:22 Scale Mail Armor
25:32 Forging
26:02 Forging
26:21 Chain Mail Armor
27:32 Iron Casting
27:53 Gambesons
28:10 Squires
27:59 Arson
27:37 Elite Varangian Guard
29:16 Plate Mail Armor
28:47 Loom
28:57 Hamask
30:03 Conscription
29:57 Padded Archer Armor
30:59 Blast Furnace
29:45 Town Watch
JavelinMen
4:28 Double-Bit Axe
10:37 Feudal Age
8:58 Horse Collar
12:06 Bow Saw
12:01 Heavy Plow
18:12 Castle Age
17:04 Gold Mining
18:04 Scale Barding Armor
18:09 Forging
18:42 Cavalier
19:53 Chain Barding Armor
22:00 Gold Shaft Mining
25:59 Wheelbarrow
28:25 Hand Cart
35:00 Imperial Age
33:21 Husbandry
34:25 Iron Casting
33:43 Stone Mining
34:00 Light Cavalry
37:05 Plate Barding Armor
37:33 Blast Furnace
36:38 Paladin
Edelreiss
10:27 Feudal Age
9:01 Loom
12:04 Double-Bit Axe
14:29 Castle Age
20:42 Imperial Age
18:42 Gold Mining
19:30 Bow Saw
20:44 Sanctity
21:55 Block Printing
24:55 Theocracy
25:53 Illumination
26:36 Redemption
29:59 Atonement
32:54 Horse Collar
Josu Stark
10:15 Feudal Age
13:53 Castle Age
12:33 Double-Bit Axe
14:58 Bow Saw
14:45 Horse Collar
16:09 Heavy Plow
16:44 Loom
22:59 Wheelbarrow
23:10 Town Watch
24:18 Scale Barding Armor
24:46 Gold Mining
25:08 Husbandry
25:21 Bloodlines
25:36 Husbandry
26:46 Chain Barding Armor
27:40 Forging
28:06 Stone Mining
28:44 Hand Cart
29:46 Iron Casting
29:42 Fletching
30:37 Ballistics
31:00 Gold Shaft Mining
30:44 Padded Archer Armor
31:37 Stone Shaft Mining
34:11 Imperial Age
31:46 Bodkin Arrow
31:57 Thumb Ring
32:41 Light Cavalry
33:47 Leather Archer Armor
35:24 Conscription
35:06 Bracer
35:34 Parthian Tactics
34:49 Hussar
36:53 Chemistry
36:57 Blast Furnace
36:27 Fortified Wall
36:27 Masonry
36:38 Elite Mangudai
JIJINz
10:12 Feudal Age
14:40 Castle Age
12:59 Double-Bit Axe
13:36 Horse Collar
18:48 Bow Saw
20:27 Loom
21:08 Heavy Plow
21:39 Fervor
25:19 Light Cavalry
30:19 Imperial Age
28:14 Forging
28:07 Devotion
28:09 Husbandry
28:33 Scale Barding Armor
28:59 Bloodlines
29:04 Gold Mining
29:04 Stone Mining
29:05 Gold Mining
29:05 Stone Mining
29:39 Stone Mining
32:14 Two-Man Saw
32:22 Chain Barding Armor
31:54 Elite Leitis
32:04 Cavalier
33:37 Stone Shaft Mining
33:29 Conscription
35:06 Plate Barding Armor
35:07 Iron Casting
35:04 Paladin
iAlejandrouae
7:45 Feudal Age
6:20 Loom
9:03 Fletching
20:43 Castle Age
18:49 Double-Bit Axe
19:12 Horse Collar
22:00 Wheelbarrow
26:46 Wheelbarrow
27:18 Bow Saw
27:36 Gold Mining
29:02 Gold Shaft Mining
29:40 Masonry
31:08 Hand Cart
32:17 Bodkin Arrow
33:04 Ballistics
37:09 Imperial Age
34:25 Town Watch
35:06 Scale Barding Armor
35:12 Forging
36:08 Bloodlines
35:58 Husbandry
36:19 Chain Barding Armor
36:17 Heavy Plow
niap_cinorhc
10:47 Feudal Age
14:55 Castle Age
13:36 Horse Collar
13:41 Double-Bit Axe
17:22 Bow Saw
19:14 Loom
22:45 Imperial Age
22:28 Gold Mining
22:33 Stone Mining
22:49 Town Watch
24:33 Capped Ram
Connection lost

Rejoining the realm…

Still unreachable

The connection could not be restored.

Session expired

The server has moved on; the page needs a fresh start.